Fleur, neutral female sylph Wizard -----.-- |..*..<| |......| |......| |....... ------.- ### # #%# f --|------- |;@;}}}}}| |};;;}}.}- |;;;;}t}}| |}}}}}}}}+ ---------- Fleur the Thaumaturge Experience level: 9 Strength: 13 Dexterity: 12 Constitution: 16 Intelligence: 17 Wisdom: 14 Charisma: 9 Health: 0(78) Energy: 132(132) Def: 1 Gold: 0 Moves: 8962 Dungeon seed: WO0yC3MC-pzrFUj4 Game ID: Fleur_1484558401 Your Inventory: Amulets l - an uncursed amulet of reflection (being worn) Weapons J - a blessed +3 orcish dagger named Dagger of Omen (weapon in hand) Armor e - a blessed +0 cloak of magic resistance (being worn) n - an uncursed +0 mummy wrapping Comestibles k - 3 uncursed food rations x - 5 uncursed tripe rations A - an uncursed sprig of wolfsbane K - 3 uncursed figues T - an uncursed lembas wafer Scrolls m - an uncursed scroll of magic mapping Wands W - a wand of lightning (0:5) Tools o - an uncursed skeleton key q - an uncursed stethoscope w - a -1 unicorn horn z - an uncursed sack Contents of the sack: 787 gold pieces a +0 pick-axe an uncursed amethyst an uncursed chrysoberyl 2 uncursed flints 2 uncursed fluorites an uncursed luckstone an uncursed opal an uncursed ruby an uncursed sapphire Spells and supernatural/magical abilities: Name Level Category Fail Memory a - force bolt 1 attack 0% 56% k - knock 1 matter 0% 83% l - light 1 divination 0% 78% m - magic missile 2 attack 0% 81% r - remove curse 3 clerical 77% 63% u - confuse monster 2 enchantment 0% 71% z - sleep 2 enchantment 0% 71% I - identify 3 divination 0% 56% K - cure sickness 3 healing 77% 71% W - pray for help -- divine ? -- Your skills at the end: Miscellaneous Skills wands [Basic] Weapon Skills dagger [Basic] quarterstaff [Basic] Spellcasting Skills attack spells [Basic] divination spells [Basic] enchantment spells [Basic] Final Attributes: You were devoutly aligned. You were magic-protected. Your writing hand was a little cramped from use. You saw invisible. You had infravision. You were invisible to others. You were displaced. You were very stealthy. You were protected from shape changers. You were fast. You had reflection. You were lucky. Thoth was angry with you. You are dead. Vanquished creatures: 2 giant mimics 2 large dogs 2 tengu 2 giant beetles 8 wolves 2 panthers a leprechaun 2 spotted jellies an orc-captain a giant spider a gnome king 2 dingos a jaguar a dwarf lord a blue jelly a white unicorn a plains centaur a gnome mummy a soldier ant 2 fire ants a bugbear a baby crocodile 2 wood nymphs 20 Mordor orcs 3 Uruk-hai 6 orc shamans a rock piercer a pony a fog cloud 2 violet fungi 4 gnome lords 2 gnomish wizards 2 golden naga hatchlings a barrow wight an elf zombie 3 giant ants 2 floating eyes a kitten 17 dwarves 3 homunculi an iguana 13 hill orcs 4 rothes a rabid rat a centipede 4 jitterbugs 3 giant bats an orc zombie a dwarf zombie a wererat 2 coyotes 5 hobbits an acid blob 2 large kobolds 3 geckos 3 hobgoblins a giant rat 5 cave spiders a yellow mold 3 green molds a red mold 33 gnomes 2 garter snakes 5 jackals 12 kobolds 8 newts 11 goblins 8 sewer rats 12 grid bugs 2 bats 5 lichens 5 kobold zombies 269 creatures vanquished. Voluntary challenges: You were vegetarian. You did not eat until turn 2101. You had followed a strict vegan diet until turn 5611. You did not cause conflict. You were not invisible. You did not have reflection until turn 8706. You used a wielded weapon 114 times, starting on turn 211. You did not use plumbed fixtures. You read items or engraved 40 times, starting on turn 1450. You never genocided any monsters. You never polymorphed an object. You never changed form. You cheated 2 times but completed Sokoban on turn 8645. You used no wishes. You never split a pudding. You wrote Elbereth's name 3 times, starting on turn 2280. You never violated your personal moral code. Dungeon overview: The Dungeons of Doom: levels 1 to 7 Level 1 some fountains a long staircase Level 2 stairs to The Gnomish Mines Level 3 a general store Level 4 Level 5 many fountains Level 6 a fountain stairs to Sokoban Level 7 <- You were here The Gnomish Mines: levels 3 to 10 Level 3 stairs to The Dungeons of Doom Level 4 Level 5 many shops, a temple to Ptah, a magic chest, some fountains, some trees Level 6 Level 7 Level 8 Level 9 Level 10 some altars to Moloch, a magic chest, some fountains Sokoban: levels 2 to 5 Level 2 a magic chest Level 3 Level 4 Level 5 an altar to Thoth, a magic chest stairs to The Dungeons of Doom History has recorded: On T:1 you entered the Dungeons of Doom to retrieve the Amulet of Yendor! On T:107 you reached level 2 of The Dungeons of Doom. On T:377 you reached level 3 of The Dungeons of Doom. On T:489 you advanced to experience level 2. On T:702 you reached level 4 of The Dungeons of Doom. On T:720 you reached level 5 of The Dungeons of Doom. On T:767 you advanced to experience level 3. On T:768 you prayed to Thoth. On T:1504 you reached level 1 of The Gnomish Mines. On T:1528 you prayed to Thoth. On T:1607 you advanced to experience level 4. On T:1631 you reached level 2 of The Gnomish Mines. On T:1804 you advanced to experience level 5. On T:1822 you reached level 4 of The Gnomish Mines. On T:2028 you reached level 5 of The Gnomish Mines. On T:2048 you advanced to experience level 6. On T:2095 you prayed to Thoth. On T:2375 you reached level 6 of The Gnomish Mines. On T:2513 you reached level 7 of The Gnomish Mines. On T:2612 you reached level 8 of The Gnomish Mines. On T:2612 you reached the bottom of the Mines. On T:2649 you advanced to experience level 7. On T:2832 you advanced to experience level 8. On T:3052 you opened a magic chest. On T:4494 you reached level 3 of The Gnomish Mines. On T:4671 you entered the Minetown temple On T:5523 you reached level 6 of The Dungeons of Doom. On T:5573 you reached level 4 of Sokoban. On T:5965 you reached level 3 of Sokoban. On T:6128 you reached level 7 of The Dungeons of Doom. On T:6995 you reached level 2 of Sokoban. On T:7750 you advanced to experience level 9. On T:7781 you reached level 1 of Sokoban. On T:8645 you entered the Sokoban zoo. Score breakdown: Gold: 787 ( 78 points) Experience: 9 levels ( 800 points) Exploration: 10 levels ( 270 points) Discoveries: 75 items ( 2000 points) Variety of kills: 72 monsters ( 2000 points) Major goal: Sokoban/Mines ( 1500 points) Survival: died (score multiplied by 3) Total score: 19944 Latest messages: Hello Fleur, the sylph Wizard, welcome back to NetHack! The invisible large cat misses something. The invisible large cat bites something. Something misses the invisible large cat. The invisible large cat misses something. (3x) There's still a monster there. The invisible large cat bites something. You see here 11 rocks. You can't go down here. (2x) You stop. Your invisible large cat is in the way! You displace your invisible large cat. You displace your invisible large cat. You kill the newt! You see here a newt corpse. The piranha bites! (2x) m - a scroll of magic mapping. The piranha bites! (2x) You stab the piranha! The piranha bites! (7x) You die... Final status: Goodbye Fleur the Wizard, killed by a piranha... You died in The Dungeons of Doom on dungeon level 7 with 19944 points, and 787 pieces of gold, after 8962 moves. You were level 9 with a maximum of 78 hit points when you died.